 Dungeon Crawl Stone Soup version 0.26-a0-651-gb41185065b (webtiles) character file.

Game seed: 4884062303280823225

612 Flugslaktarn the Chopper (level 7, -2/66 HPs)
             Began as a Deep Dwarf Fighter on Oct 6, 2020.
             Slain by a steam dragon (5 damage)
             ... on level 5 of the Dungeon.
             The game lasted 00:00:49 (1146 turns).

Flugslaktarn the Chopper (Deep Dwarf Fighter)       Turns: 1146, Time: 00:00:49

Health: -2/66      AC:  8    Str: 21    XL:     7   Next: 20%
Magic:  5/5        EV:  7    Int:  9    God:
Gold:   114        SH: 10    Dex: 12    Spells: 6/6 levels left

rFire    . . .     SeeInvis .   a - +0 war axe
rCold    . . .     Faith    .   c - +0 kite shield
rNeg     . . .     Spirit   .   b - +0 scale mail
rPois    .         Reflect  .   (no helmet)
rElec    .         Harm     .   e - +0 cloak
rCorr    .         Rampage  .   (no gloves)
MR       +....                  (no boots)
Stlth    ..........             (no amulet)
HPRegen  0.00/turn              (no ring)
MPRegen  0.09/turn              (no ring)

@: mighty, non-regenerating, glowing
A: damage resistance, heal wounds, sense surroundings 1, no regeneration
a: Heal Wounds


You were on level 5 of the Dungeon.
You visited 1 branch of the dungeon, and saw 5 of its levels.

You collected 114 gold pieces.

Inventory:

Hand Weapons
 a - a +0 war axe (weapon)
Armour
 b - a +0 scale mail (worn)
 c - a +0 kite shield (worn)
 e - a +0 cloak (worn)
   (You found it on level 1 of the Dungeon)
Jewellery
 l - an uncursed ring of magical power {unknown}
   (You found it on level 3 of the Dungeon)
 s - an uncursed ring of see invisible {unknown}
   (You found it on level 4 of the Dungeon)
Scrolls
 j - a scroll of fog {unknown}
 k - a scroll of enchant armour {unknown}
 m - a scroll of identify {unknown}
 p - a scroll of amnesia {unknown}
 q - a scroll of random uselessness {unknown}
 r - a scroll of teleportation {unknown}
 t - a scroll of noise {unknown}
Potions
 d - 2 potions of might
 f - 2 potions of brilliance {unknown}
 g - 2 potions of cancellation {unknown}
 h - a potion of lignification {unknown}
 i - 2 potions of heal wounds {unknown}
 n - a potion of stabbing {unknown}
 o - a potion of magic {unknown}
 u - 2 potions of curing {unknown}


   Skills:
 * Level 4.9 Fighting
 * Level 5.4 Axes
 + Level 4.7 Armour
 + Level 4.7 Shields


You had 6 spell levels left.
You didn't know any spells.
Your spell library was empty.

Dungeon Overview and Level Annotations

Branches:
Dungeon (5/15)
 Temple: D:4-7

Altars:
Uskayaw


Innate Abilities, Weirdness & Mutations

You are resistant to damage.
You can heal yourself by infusing magical energy.
You passively map a small area around you.
You do not regenerate.


Message History

The steam dragon barely misses you. The steam dragon completely misses you.
You block Dowan's attack. The steam dragon bites you.
The steam dragon claws you.
You are too injured to fight recklessly!
You fail to use your ability.
Dowan zaps a wand.
The puff of flame hits you.
You block the steam dragon's attack. x2; Dowan hits you but does no damage.
The steam dragon breathes steam at you. The ball of steam hits you!
* * * LOW HITPOINT WARNING * * *
You are too injured to fight recklessly!
You are too injured to fight recklessly!
You hit Dowan.
You kill Dowan!
You hit the steam dragon but do no damage.
You barely miss the steam dragon.
You are engulfed in a cloud of scalding steam.
The steam dragon bites you.
* * * LOW HITPOINT WARNING * * *
The steam dragon barely misses you. The steam dragon bites you!
You die...

,* .. #..,
,,, * ≈^≈ #.#
** , * , ≈
≈###.# ,
,≈#..#.# * ,
* ** , #..#.#
, , , , ,
#..#.# , *
#.)#.### , ,
,#DD).†.# * *
, #.@....#,#
, *
######.#.#...
*
#....e.....#*
*
##.#<..#....#
, *
,#.#...#....+
,* #.#[#.#
...# * *
#.#.#.# .....
, , #.#....
....* ^
#.......,..##


You could see 2 steam dragons.

Vanquished Creatures
  A water moccasin (D:5)
  Duvessa (D:5)
  A centaur (D:3)
  Dowan (D:5)
  A howler monkey (D:5)
  An orc priest (D:3)
  3 orc wizards (D:4)
  2 worker ants (D:4)
  An adder (D:2)
  A howler monkey skeleton (D:4)
  2 oozes
  A worm (D:2)
  A dart slug (D:4)
  A leopard gecko (D:3)
  8 orcs
  A bat (D:1)
  A giant cockroach (D:3)
  A goblin (D:2)
  5 jackals (D:2)
  3 kobolds (D:2)
  2 ball pythons
  A leopard gecko skeleton (D:4)
  A rat (D:1)
41 creatures vanquished.

Notes
Turn   | Place    | Note
-------+----------+-------------------------------------------
     0 | D:1      | Flugslaktarn the Deep Dwarf Fighter began the quest for the
                  | Orb.
     0 | D:1      | Reached XP level 1. HP: 20/20 MP: 1/1
   166 | D:2      | Reached XP level 2. HP: 27/27 MP: 2/2
   236 | D:2      | Reached skill level 3 in Axes
   236 | D:2      | Reached XP level 3. HP: 32/34 MP: 2/2
   277 | D:3      | Reached XP level 4. HP: 16/42 MP: 3/3
   314 | D:3      | Noticed a centaur
   325 | D:3      | Killed a centaur
   325 | D:3      | Reached XP level 5. HP: 40/50 MP: 4/4
   398 | D:4      | Reached skill level 4 in Axes
   514 | D:4      | Found a hide-covered altar of Uskayaw.
   611 | D:5      | Entered Level 5 of the Dungeon
   611 | D:5      | Noticed a water moccasin
   684 | D:4      | Reached XP level 6. HP: 46/57 MP: 5/5
  1096 | D:5      | Killed a water moccasin
  1110 | D:5      | Reached skill level 5 in Axes
  1113 | D:5      | Noticed a steam dragon
  1117 | D:5      | Noticed Dowan
  1119 | D:5      | Noticed a steam dragon
  1121 | D:5      | Noticed Duvessa
  1141 | D:5      | Killed Duvessa
  1141 | D:5      | Reached XP level 7. HP: 22/66 MP: 5/5
  1143 | D:5      | HP: 3/66 [steam dragon (2)]
  1146 | D:5      | Killed Dowan
  1146 | D:5      | Slain by a steam dragon

Illustrated notes

Levels and vault maps discovered:
D:1:      erik_arrival_triangle_small, layout_rooms
D:2:      layout_rooms, grunt_gozag_breadcrumbs
D:3:      layout_loops_ring, kennysheep_pointless_box, roderic_malta_cross,
          minmay_checkerbox
D:4:      layout_loops_ring, eat_drink_and_be_merry_uskayaw
D:5:      kennysheep_steamy, layout_basic, old_standard_altar,
          nicolae_overflow_quartered_altars, uniq_duvessa

Skill      XL: |  1  2  3  4  5  6 |
---------------+-------------------+-----
Fighting       | 3 4 |  4.9
Axes           | 3 4 5 |  5.4
Armour         | 4 |  4.7
Shields        | 4 |  4.7

Action                   |  1- 3 |  4- 6 |  7- 9 || total
-------------------------+-------+-------+-------++-------
Melee: War axe           |    63 |   123 |     1 ||   187
 Abil: Heal Wounds       |     1 |    10 |     1 ||    12
  Use: Potion            |       |     1 |       ||     1
Armor: Scale mail        |    28 |    83 |     4 ||   115
Dodge: Dodged            |    25 |    56 |     3 ||    84
Block: Kite shield       |    45 |    65 |     6 ||   116

Table legend: (Time is in decaauts)
 A = Elapsed time spent in this place.
 B = Non-inter-level travel time spent in this place.
 C = Inter-level travel time spent in this place.
 D = Time resting spent in this place.
 E = Time spent auto-exploring this place.
 F = Levels seen in this place.
 G = Mean time per level.
                   A        B        C        D        E       F      G
               +--------+--------+--------+--------+--------+-----+--------+
         Total |   1218 |   1160 |     58 |      0 |    760 |   5 |  243.6 |
       Dungeon |   1218 |   1160 |     58 |      0 |    760 |   5 |  243.6 |
               +--------+--------+--------+--------+--------+-----+--------+

Top non-repeatable levels by time:
     D:4: 765 daAuts
     D:1: 155 daAuts
     D:2: 107 daAuts
     D:3: 103 daAuts
     D:5: 86 daAuts
